Map: Heavy Artillery LE

Players

Massa

  • Race: Terran Terran
  • League: Gold
  • Spawn Location: 7:00

qqq

  • Race: Protoss Protoss
  • League: Platinum
  • Spawn Location: 7:00

Max - Winner!

  • Race: Terran Terran
  • Spawn Location: 3:00

Bibulex - Winner!

  • Race: Protoss Protoss
  • League: Diamond
  • Spawn Location: 1:00

VOD

Have the link to the VOD?

Description

Time

  • Played on: Aug. 31, 2020, 3:25 p.m.
  • Length: 22:03
Show
View Real Time Build Order
Export as new Build Order

Massa Terran 

Build Orders: Gas First Reaper Expand 

Get SALT Encoding   

  12  0:01  SCV  
  13  0:14  SCV  
  14  0:18  Refinery  
  14  0:26  Supply Depot  
  14  0:32  SCV  
  15  0:48  SCV  
  15  0:49  Barracks  
  16  1:00  SCV  
  17  1:12  SCV  
  18  1:24  SCV  
  19  1:37  Reaper  
  20  1:40  Command Center  
  20  1:42  SCV  
  21  1:59  Factory  
  21  2:01  Orbital Command  
  21  2:09  Marine  
  22  2:43  SCV  
  23  2:49  Factory Tech Lab  
  23  2:55  SCV  
  24  3:00  Starport  
  24  3:07  SCV  
  25  3:25  Siege Tank  
  28  3:31  SCV  
  28  3:32  SCV  
  28  3:33  Barracks Tech Lab  
  30  3:38  Command Center  
  30  3:43  Barracks  
  30  3:44  SCV x2  
  32  3:55  Refinery  
  32  3:56  SCV x2  
  32  3:57  Refinery, Engineering Bay  
  32  4:01  Engineering Bay  
  32  4:02  Medivac  
  36  4:08  SCV  
  37  4:16  Supply Depot  
  37  4:20  Supply Depot  
  37  4:24  Supply Depot  
  37  4:27  Supply Depot  
  37  4:29  Missile Turret  
  37  4:33  Concussive Shells  
  37  4:37  Orbital Command  
  37  4:38  Widow Mine, Marauder  
  41  4:40  SCV  
  42  4:49  Missile Turret  
  42  4:52  SCV  
  43  4:53  Orbital Command  
  43  4:59  Widow Mine  
  45  5:00  Barracks Reactor  
  45  5:08  Barracks  
  45  5:21  Widow Mine  
  47  5:32  Marauder  
  47  5:33  Stimpack  
  49  5:37  Marine x2  
  49  5:40  SCV x2  
  49  5:41  SCV  
  54  5:52  SCV  
  54  5:53  SCV x2, Marauder  
  54  5:55  Marine x2  
  60  6:04  SCV  
  60  6:05  Siege Tank  
  64  6:13  Marine  
  64  6:14  Marauder  
  65  6:27  Marine  
  65  6:29  Barracks Reactor  
  65  6:31  Marine  
  67  6:36  Marauder  
  64  6:45  Marine  
  65  6:48  Marine  
  66  6:57  Marauder  
  65  7:03  Marine  
  65  7:05  Marine  
  65  7:06  Marine x2  
  58  7:11  SCV x2  
  58  7:14  Orbital Command  
  54  7:19  Marauder  
  54  7:21  Marine  
  56  7:23  SCV x2, Marine x2  
  56  7:24  Marine  
  61  7:39  Marine, Combat Shield  
  61  7:40  Marauder  
  61  7:41  Marine x2  
  61  7:42  Marine  
  67  7:47  Barracks  
  67  7:49  Barracks  
  67  7:56  Marine  
  68  7:59  Marine  
  68  8:01  Marauder  
  71  8:07  SCV x3  
  71  8:11  Missile Turret  
  74  8:17  Missile Turret  
  74  8:19  SCV x2  
  77  8:20  SCV  
  77  8:21  Terran Infantry Weapons Level 1, Missile Turret  
  77  8:22  Terran Infantry Armor Level 1  
  77  8:23  Marauder  
  77  8:26  Armory  
  79  8:30  Sensor Tower  
  79  8:31  SCV  
  79  8:32  SCV  
  81  8:34  SCV  
  81  8:35  Refinery  
  81  8:36  Siege Tank  
  81  8:41  Barracks Reactor  
  85  8:42  Barracks Tech Lab  
  85  8:50  Supply Depot  
  85  8:53  Supply Depot  
  85  8:57  Supply Depot  
  85  9:02  Barracks  
  85  9:11  Marine x3  
  85  9:12  Refinery, SCV, Marauder, Medivac  
  85  9:13  Supply Depot  
  85  9:14  Marine  
  85  9:15  SCV x2, Terran Vehicle Weapons Level 1, Siege Tank  
  99  9:27  SCV  
  99  9:29  Marine x3  
  103  9:32  Marine  
  103  9:33  Starport, Marauder  
  103  9:36  Supply Depot  
  106  9:41  Medivac  
  108  9:47  Marine x3, Siege Tank  
  108  9:50  Marine  
  115  9:55  Marauder  
  117  10:00  Supply Depot  
  117  10:05  Marine x3  
  120  10:08  Marine  
  121  10:16  Marauder  
  121  10:19  Marauder  
  125  10:21  Marine x2  
  125  10:23  Marine x3  
  125  10:24  Supply Depot  
  125  10:26  Marine  
  131  10:37  Marauder  
  131  10:39  Marine x2  
  131  10:40  Marauder  
  133  10:45  Marine x4  
  133  10:47  Supply Depot  
  137  10:57  Marine x2  
  137  10:59  Marauder  
  137  11:02  Terran Infantry Armor Level 2, Terran Infantry Weapons Level 2  
  141  11:04  Marine  
  141  11:06  Marine  
  141  11:08  Marine x3, Supply Depot  
  141  11:09  Terran Vehicle And Ship Armor Level 1  
  141  11:10  Supply Depot x2  
  144  11:15  Marine x2  
  146  11:20  Marine  
  147  11:26  Marine  
  147  11:28  Factory  
  147  11:31  Supply Depot  
  148  11:33  Supply Depot  
  148  11:34  Supply Depot  
  148  11:37  Marine  
  149  11:44  Marine  
  150  11:54  Command Center  
  150  11:56  Supply Depot  
  150  11:58  Supply Depot  
  150  12:20  Supply Depot  
  150  12:21  Supply Depot  
  76  12:44  Supply Depot  
  76  12:45  Marauder x2, Marine  
  76  12:46  Marine x5  
  80  12:53  Factory Tech Lab  
  80  12:57  Thor  
  86  13:03  Marine  
  86  13:04  Marine x5  
  92  13:06  Marauder  
  92  13:07  Marauder  
  92  13:08  Orbital Command, Supply Depot  
  92  13:11  SCV x3  
  99  13:18  Terran Vehicle Weapons Level 2  
  99  13:20  Terran Infantry Weapons Level 3, Terran Infantry Armor Level 3  
  99  13:21  Marine x5  
  99  13:22  Marine  
  99  13:23  SCV  
  99  13:26  Medivac x2  
  110  13:27  Marauder  
  110  13:28  Marauder  
  110  13:31  Supply Depot  
  114  13:39  Marine x3, Thor  
  123  13:41  Refinery  
  123  13:47  Refinery  
  120  13:49  Marauder x2  
  120  13:51  Marine  
  120  13:52  Marine x2  
  120  13:54  Supply Depot  
  127  13:56  Medivac  
  127  13:57  Marine x3  
  132  14:02  Command Center  
  132  14:04  Command Center  
  132  14:09  Marine  
  133  14:10  Marauder, Marine x2  
  133  14:11  Marauder  
  133  14:14  Marine  
  133  14:15  Marine x2  
  127  14:19  Supply Depot  
  115  14:27  Marine x3  
  118  14:32  Marauder x2, Marine  
  118  14:33  Marine x2  
  124  14:42  Supply Depot  
  124  14:45  Marine x3  
  123  14:50  Marine x3  
  128  14:53  Marauder x2, Thor x2  
  144  15:03  Marine x3  
  144  15:06  SCV x4, Supply Depot  
  151  15:08  Marine x3  
  154  15:14  Marauder  
  154  15:15  Marauder  
  154  15:18  Orbital Command, SCV x4  
  154  15:20  Orbital Command, Marine  
  154  15:21  Marine x2  
  163  15:24  Refinery  
  163  15:26  Marine x3  
  168  15:29  Barracks Reactor, Supply Depot  
  168  15:30  SCV  
  168  15:33  Terran Vehicle And Ship Armor Level 2  
  169  15:35  Thor  
  169  15:36  Marauder x2  
  169  15:38  Marine  
  169  15:39  Marine x2  
  182  15:44  Medivac x2  
  186  15:52  Supply Depot  
  186  15:57  Marauder  
  186  15:58  Marauder  
  190  16:14  Medivac x2  
  190  16:15  Marine x2, Supply Depot  
  190  16:16  Marine x4  
  200  16:34  Ghost Academy  
  200  16:38  Supply Depot  
  200  17:02  Supply Depot  
  200  17:04  Starport Tech Lab, Starport Reactor  
  142  17:29  Marauder  
  104  17:30  Marauder, Marine  
  104  17:31  Marine x7  
  82  17:37  Thor x2  
  82  17:42  Medivac  
  82  17:43  Medivac x2  
  100  17:48  Marine x3  
  100  17:49  Marine x5  
  100  17:51  Marauder x2  
  112  17:58  Refinery  
  112  18:06  Marine x5  
  112  18:07  Marine x3  
  112  18:12  Marauder x2, Medivac  
  124  18:13  Medivac x2  
  130  18:20  Thor x2  
  130  18:24  Marine x8  
  150  18:33  Marauder  
  150  18:34  Marauder  
  154  18:36  Terran Vehicle And Ship Armor Level 3  
  154  18:42  Medivac x2  
  154  18:43  Medivac  
  160  18:50  Personal Cloaking  
  160  18:55  Marauder x2  
  164  18:58  Hi-Sec Auto Tracking  
  164  18:59  Neosteel Armor  
  164  19:02  Thor  
  170  19:12  Medivac  
  172  19:36  Marauder x2, Marine  
  172  19:37  Marine x7  
  166  19:54  Marine  
  166  19:55  Marine x7  
  166  19:57  Marauder  
  166  19:58  Marauder  
  167  20:12  Marine x2  
  167  20:13  Marine x4  
  169  20:16  Enhanced Shockwaves  
  169  20:19  Marauder x2  
  151  20:24  Thor  
  151  20:25  Thor  
  151  20:27  Marine  
  114  20:40  Marauder x2  
  90  20:45  Factory  
  90  20:46  Factory  
  90  21:01  Marauder, Command Center  
  90  21:02  Marauder  
  92  21:07  Thor  
  70  21:23  Marauder x2  
  72  21:36  Marine  
  72  21:37  Marine x4  
Show
View Real Time Build Order
Export as new Build Order

qqq Protoss 

Build Orders: 1 Gate Expand, Phoenix Opening, Carriers, Mass Phoenix 

Get SALT Encoding   

  12  0:01  Probe  
  13  0:13  Probe  
  14  0:25  Probe  
  15  0:33  Pylon  
  15  0:51  Probe, Gateway  
  16  0:59  Pylon  
  16  1:03  Probe  
  17  1:20  Probe  
  18  1:29  Nexus  
  18  1:35  Probe  
  19  1:47  Probe, Cybernetics Core  
  19  1:52  Pylon  
  20  2:00  Probe, Assimilator  
  21  2:03  Assimilator  
  21  2:25  Probe  
  22  2:39  Probe  
  22  2:42  Probe  
  24  2:51  Probe  
  24  2:55  Probe  
  26  3:00  Stargate  
  26  3:03  Probe  
  27  3:07  Probe  
  28  3:15  Probe  
  28  3:19  Probe  
  30  3:29  Probe (Chrono Boost)  
  30  3:31  Probe (Chrono Boost)  
  30  3:32  Stargate  
  32  3:36  Assimilator  
  34  3:43  Probe (Chrono Boost)  
  34  3:45  Probe (Chrono Boost)  
  34  3:48  Probe (Chrono Boost)  
  34  3:52  Probe  
  34  3:53  Assimilator  
  36  3:57  Probe, Phoenix  
  39  4:04  Probe  
  39  4:09  Probe  
  41  4:13  Pylon  
  41  4:15  Phoenix  
  41  4:16  Probe  
  44  4:21  Probe  
  45  4:26  Phoenix, Protoss Air Weapons Level 1 (Chrono Boost)  
  47  4:33  Probe  
  48  4:40  Phoenix  
  50  4:45  Probe  
  50  4:49  Forge  
  51  4:58  Probe  
  52  5:06  Nexus  
  52  5:07  Phoenix  
  52  5:08  Phoenix  
  52  5:09  Pylon  
  52  5:10  Probe  
  52  5:11  Pylon  
  57  5:14  Pylon  
  57  5:22  Probe  
  58  5:32  Phoenix x2  
  60  5:53  Fleet Beacon  
  60  5:54  Stargate  
  60  5:57  Phoenix  
  60  6:02  Phoenix  
  64  6:06  Photon Cannon  
  64  6:08  Photon Cannon  
  64  6:10  Photon Cannon  
  63  6:13  Shield Battery  
  63  6:15  Shield Battery  
  63  6:17  Photon Cannon  
  63  6:20  Photon Cannon  
  63  6:22  Phoenix  
  63  6:25  Pylon  
  59  6:58  Carrier x2 (Chrono Boost)  
  69  7:19  Carrier (Chrono Boost)  
  71  7:38  Probe  
  72  7:45  Anion Pulse-Crystals  
  72  7:50  Probe  
  73  8:02  Probe  
  74  8:10  Robotics Facility  
  74  8:11  Pylon  
  74  8:14  Probe, Pylon  
  74  8:16  Photon Cannon  
  74  8:17  Carrier, Pylon  
  81  8:25  Pylon  
  81  8:26  Probe (Chrono Boost)  
  82  8:27  Nexus  
  82  8:30  Pylon  
  82  8:33  Pylon  
  82  8:38  Probe (Chrono Boost)  
  82  8:39  Tempest  
  82  8:41  Phoenix  
  90  8:46  Probe (Chrono Boost)  
  91  8:52  Probe, Pylon  
  92  9:00  Pylon, Assimilator  
  92  9:04  Assimilator  
  92  9:05  Probe  
  92  9:09  Protoss Air Weapons Level 2  
  93  9:23  Probe  
  94  9:26  Observer  
  94  9:28  Photon Cannon  
  94  9:31  Photon Cannon  
  95  9:35  Probe  
  95  9:41  Probe (Chrono Boost)  
  96  9:47  Observer  
  96  9:50  Probe (Chrono Boost)  
  106  9:53  Mothership (Chrono Boost)  
  106  9:59  Probe (Chrono Boost)  
  108  10:02  Probe (Chrono Boost)  
  108  10:06  Probe (Chrono Boost)  
  109  10:08  Carrier  
  109  10:10  Phoenix  
  109  10:13  Probe (Chrono Boost)  
  118  10:14  Photon Cannon  
  118  10:17  Probe (Chrono Boost), Shield Battery  
  119  10:21  Photon Cannon  
  119  10:24  Pylon  
  119  10:28  Probe (Chrono Boost), Carrier  
  105  10:32  Probe (Chrono Boost)  
  105  10:35  Carrier  
  107  10:43  Probe  
  108  10:56  Probe (Chrono Boost)  
  108  10:57  Observer  
  110  10:58  Nexus  
  110  11:00  Pylon  
  110  11:04  Pylon  
  111  11:13  Carrier  
  111  11:15  Probe (Chrono Boost)  
  117  11:23  Probe  
  118  11:35  Probe, Protoss Air Armor Level 1 (Chrono Boost)  
  119  11:47  Probe  
  119  11:48  Carrier  
  119  11:53  Tempest  
  131  11:59  Probe  
  131  12:01  Assimilator  
  132  12:04  Assimilator  
  132  12:17  Photon Cannon  
  132  12:19  Probe  
  132  12:20  Photon Cannon  
  133  12:26  Photon Cannon  
  133  12:28  Photon Cannon  
  131  12:32  Probe  
  129  12:44  Probe  
  130  12:55  Carrier x2  
  130  12:56  Probe  
  143  13:08  Probe  
  140  13:14  Tempest  
  137  13:33  Immortal  
  141  13:37  Probe x2  
  143  13:49  Probe x2  
  145  13:57  Tempest  
  145  14:01  Probe x2  
  146  14:06  Tempest x2  
  156  14:13  Probe x2  
  150  14:36  Photon Cannon  
  150  14:38  Photon Cannon  
  150  14:40  Tempest, Photon Cannon  
  150  14:43  Photon Cannon  
  150  14:44  Shield Battery  
  155  14:46  Shield Battery  
  155  14:49  Tempest  
  160  14:53  Stargate  
  160  15:03  Stargate  
  160  15:04  Tempest, Pylon  
  165  15:15  Observer  
  166  15:23  Tempest  
  171  15:38  Protoss Air Weapons Level 3 (Chrono Boost)  
  171  15:45  Pylon  
  171  15:53  Photon Cannon  
  171  15:54  Photon Cannon  
  171  15:55  Pylon  
  171  15:57  Tempest  
  171  16:00  Pylon  
  171  16:03  Pylon  
  176  16:06  Phoenix  
  178  16:14  Photon Cannon  
  176  16:26  Tempest x2  
  176  16:27  Phoenix  
  176  16:31  Phoenix  
  190  16:34  Photon Cannon  
  190  16:40  Phoenix  
  190  16:42  Photon Cannon  
  192  16:58  Photon Cannon  
  192  16:59  Shield Battery  
  192  17:01  Shield Battery  
  132  18:14  Tempest x2, Carrier x3  
  160  18:24  Probe, Photon Cannon  
  160  18:26  Pylon  
  161  18:27  Probe  
  162  18:36  Probe  
  162  18:39  Probe  
  164  18:48  Probe  
  165  18:52  Probe  
  166  18:57  Tempest  
  166  19:00  Probe  
  157  19:04  Probe  
  130  19:12  Probe  
  120  19:19  Tempest x2, Carrier  
  120  19:20  Carrier  
  122  19:43  Carrier  
  128  20:01  Tempest  
  128  20:02  Carrier  
  139  20:24  Carrier  
  145  20:39  Nexus  
Show
View Real Time Build Order
Export as new Build Order

Max Terran - Winner!

Build Orders: Reaper Expand 

Get SALT Encoding   

  12  0:00  SCV  
  13  0:12  SCV  
  14  0:17  Supply Depot  
  14  0:25  SCV  
  15  0:39  SCV  
  15  0:41  Barracks  
  16  0:46  Refinery  
  16  0:51  SCV  
  17  1:03  SCV  
  18  1:15  SCV  
  19  1:28  Supply Depot  
  19  1:31  Orbital Command  
  19  1:35  Reaper  
  20  1:50  Command Center  
  20  1:58  SCV  
  21  2:07  Marine  
  22  2:10  SCV  
  22  2:12  Factory  
  23  2:23  SCV  
  24  2:35  SCV, Marine  
  26  2:47  SCV  
  26  2:50  Refinery  
  27  2:53  Marine  
  27  2:54  Barracks  
  27  2:56  Factory Tech Lab  
  27  2:57  Supply Depot  
  28  2:59  SCV  
  28  3:00  Starport  
  28  3:02  Orbital Command  
  29  3:21  Widow Mine  
  31  3:29  Orbital Command  
  31  3:30  Barracks Tech Lab  
  31  3:36  Starport Reactor  
  31  3:42  Orbital Command  
  31  4:09  Siege Tank  
  34  4:11  Marine  
  35  4:29  Starport Reactor, Marine  
  36  4:33  Supply Depot  
  36  4:35  Supply Depot  
  36  4:38  SCV  
  36  4:39  SCV  
  36  4:40  Marine x2  
  36  4:43  Stimpack  
  40  4:47  Marine  
  40  4:51  SCV x2  
  43  4:54  Engineering Bay  
  43  4:56  Engineering Bay  
  43  4:58  Marine x2  
  48  5:00  Siege Tank  
  48  5:03  SCV x2  
  50  5:12  Refinery  
  50  5:14  Medivac  
  50  5:15  SCV x2, Marine  
  50  5:16  Refinery, Marine x2  
  57  5:22  Medivac  
  57  5:27  SCV  
  60  5:30  SCV  
  60  5:31  Missile Turret x2  
  60  5:33  Marine x2  
  60  5:34  Marine  
  64  5:38  Widow Mine  
  64  5:39  SCV  
  64  5:42  SCV  
  68  5:51  Marine x2  
  70  6:01  Supply Depot  
  70  6:02  Supply Depot  
  70  6:22  Marine, Missile Turret, Combat Shield  
  70  6:24  Missile Turret x2  
  71  6:28  Marine x2  
  71  6:29  Missile Turret  
  73  6:40  Marine  
  73  6:45  Marine  
  73  6:46  Marine  
  76  6:47  Siege Tank  
  76  6:48  Viking x2  
  83  6:58  Marine  
  77  7:03  Marine  
  77  7:04  Marine  
  59  7:16  Marine  
  59  7:19  Siege Tank  
  59  7:21  Marine  
  59  7:22  Marine  
  63  7:29  Barracks  
  61  7:30  Barracks, Terran Infantry Weapons Level 1  
  61  7:31  Terran Infantry Armor Level 1  
  61  7:34  Marine  
  61  7:35  Armory  
  62  7:39  Marine x2  
  64  7:51  Marine, Concussive Shells, Siege Tank  
  67  7:52  Medivac x2  
  67  7:57  Marine x2  
  74  8:00  SCV x2  
  76  8:12  SCV  
  77  8:13  SCV  
  77  8:18  Barracks  
  78  8:24  SCV  
  78  8:25  SCV, Medivac  
  78  8:26  Command Center, Medivac  
  84  8:28  Terran Vehicle And Ship Armor Level 1  
  84  8:32  Barracks Reactor x2  
  84  8:49  Widow Mine  
  86  9:22  Supply Depot  
  86  9:23  Supply Depot  
  86  9:25  Barracks Reactor, Supply Depot  
  86  9:31  Missile Turret  
  86  9:32  Supply Depot  
  86  9:33  Missile Turret  
  86  9:36  Refinery, Missile Turret  
  86  9:37  Marine x7  
  95  9:39  Siege Tank  
  96  9:46  Supply Depot  
  96  9:50  Supply Depot x2  
  96  9:51  Supply Depot  
  96  9:53  Refinery  
  96  9:55  Marine x5  
  101  10:00  Marine x2  
  103  10:11  Siege Tank  
  103  10:12  Marine x2  
  106  10:39  Planetary Fortress  
  96  10:45  Terran Infantry Weapons Level 2  
  96  10:47  Terran Infantry Armor Level 2, Command Center  
  96  10:48  Terran Vehicle And Ship Armor Level 2  
  88  10:54  SCV x2  
  90  11:05  Starport  
  90  11:06  SCV x2  
  92  11:17  Armory  
  92  11:18  SCV x2  
  93  11:21  Widow Mine  
  93  11:23  Viking x2  
  93  11:25  Supply Depot  
  100  11:30  SCV x3  
  103  11:42  SCV x3  
  103  11:43  Factory  
  103  11:44  Starport Reactor  
  106  11:49  Marine x4, Supply Depot  
  106  11:50  Marine x5  
  106  11:53  Viking x2  
  119  12:07  Marine x9  
  128  12:20  Supply Depot  
  128  12:21  Terran Ship Weapons Level 1  
  128  12:23  Medivac x2  
  128  12:25  Marine x9  
  128  12:29  Command Center  
  137  12:42  Marine  
  137  12:43  Marine  
  115  12:53  Medivac x2  
  115  12:54  Marauder, Marine  
  115  12:55  Marine x5  
  124  13:00  Marine  
  124  13:01  Marine  
  124  13:03  Orbital Command  
  124  13:04  Terran Infantry Weapons Level 3  
  126  13:07  Medivac  
  126  13:12  Marine  
  128  13:13  Marine x5  
  128  13:16  Marauder  
  128  13:18  Marine  
  128  13:19  Marine  
  138  13:30  Marine  
  138  13:31  Marine  
  138  13:32  Marine x4  
  144  13:36  Marine x2  
  144  13:37  Marauder  
  148  13:43  Viking x2  
  148  13:48  Marine  
  153  13:49  Marine x5  
  153  13:54  Marine x2  
  160  13:59  Marauder  
  158  14:05  Terran Infantry Armor Level 3  
  158  14:06  Marine  
  158  14:07  Marine x5  
  164  14:11  Marine  
  164  14:12  Marine  
  149  14:20  Marauder  
  149  14:23  Marine  
  149  14:24  Marine  
  149  14:45  Medivac x4  
  157  14:53  Planetary Fortress  
  157  14:56  Missile Turret  
  157  15:06  Marine x7  
  157  15:07  Marine x2  
  166  15:15  Viking, Medivac x3  
  166  15:17  Refinery  
  174  15:24  Marine x5  
  179  15:41  Terran Vehicle And Ship Armor Level 3  
  179  15:46  Terran Vehicle Weapons Level 1  
  179  15:47  Missile Turret  
  179  15:52  Missile Turret  
  179  15:54  Missile Turret  
  179  16:07  Refinery  
  179  16:16  Command Center  
  179  16:39  Sensor Tower  
  179  16:42  Hi-Sec Auto Tracking  
  179  16:43  Marine  
  179  16:44  Marauder, Marine x7  
  189  16:51  Sensor Tower  
  189  16:58  Viking x4  
  196  17:01  Marine  
  196  17:02  Marine x2  
  199  17:22  Marine  
  169  17:23  Marine x8  
  169  17:28  Viking  
  144  17:39  Neosteel Armor, Terran Ship Weapons Level 2  
  144  17:40  Marine x2  
  144  17:41  Marine x7  
  149  17:58  Marine x5  
  146  17:59  Marine x4  
  145  18:16  Marine x9  
  152  18:21  Factory Tech Lab  
  152  18:24  Planetary Fortress  
  152  18:29  Missile Turret  
  152  18:33  Marine  
  153  18:34  Marine x4  
  153  18:40  SCV x4  
  161  18:51  Missile Turret  
  161  18:52  SCV x4  
  163  19:04  SCV x2  
  164  19:11  Terran Vehicle Weapons Level 2  
  155  19:22  Marine x4  
  155  19:23  Marine x5  
  161  19:25  Siege Tank x2  
  161  19:29  Refinery x2  
  165  19:37  Medivac x3  
  165  19:38  Medivac  
  173  19:40  Marine x9  
  167  19:57  Siege Tank  
  167  19:58  Marine x5  
  170  20:07  Viking x4  
  162  20:15  Marine  
  162  20:16  Marine x4  
  137  20:33  Marine  
  137  20:34  Marine x4  
  139  20:37  Viking x3  
  145  20:51  Marine  
  145  20:52  Marine x4  
  147  21:06  Command Center  
  147  21:09  Marine x4  
  147  21:10  Marine  
  138  21:27  Marine x5  
  142  21:44  Marine  
Show
View Real Time Build Order
Export as new Build Order

Bibulex Protoss - Winner!

Build Orders: 1 Gate Expand 

Get SALT Encoding   

  12  0:00  Probe  
  13  0:16  Pylon  
  13  0:18  Probe  
  14  0:37  Gateway  
  14  0:40  Probe (Chrono Boost)  
  16  0:50  Probe (Chrono Boost)  
  16  0:54  Probe (Chrono Boost)  
  17  1:04  Assimilator  
  17  1:22  Nexus  
  17  1:30  Nexus  
  16  1:40  Cybernetics Core  
  16  1:41  Probe (Chrono Boost)  
  17  1:52  Probe (Chrono Boost)  
  18  1:57  Probe (Chrono Boost)  
  19  2:07  Probe  
  20  2:16  Warp Gate  
  20  2:21  Gateway  
  20  2:22  Stalker (Chrono Boost)  
  22  2:29  Assimilator  
  22  2:30  Probe  
  23  2:42  Probe  
  24  2:48  Gateway  
  24  2:51  Pylon  
  24  3:00  Probe x2  
  26  3:12  Probe, Stalker x2  
  31  3:20  Probe  
  31  3:24  Probe  
  33  3:32  Probe  
  34  3:39  Probe  
  35  3:44  Probe  
  36  3:51  Probe  
  37  3:56  Probe  
  38  4:07  Sentry  
  38  4:08  Sentry  
  42  4:10  Adept  
  42  4:12  Nexus  
  42  4:15  Pylon  
  44  4:19  Probe x2  
  44  4:21  Pylon  
  46  4:25  Assimilator  
  46  4:33  Probe x2  
  48  4:41  Pylon  
  48  4:45  Probe x2  
  50  4:50  Forge  
  50  4:57  Probe x2, Gateway  
  52  5:02  Pylon  
  52  5:09  Probe  
  53  5:18  Stalker  
  53  5:19  Stalker x2  
  59  5:22  Robotics Facility  
  59  5:26  Twilight Council  
  59  5:52  Stalker  
  59  5:53  Stalker x2  
  59  5:54  Probe x2  
  59  5:55  Probe  
  68  6:03  Assimilator  
  68  6:06  Probe x2  
  68  6:07  Probe, Protoss Ground Weapons Level 1 (Chrono Boost)  
  71  6:12  Assimilator  
  71  6:15  Assimilator  
  71  6:18  Probe x2  
  73  6:19  Probe  
  74  6:30  Probe  
  75  6:43  Warp Prism  
  75  6:45  Charge  
  75  6:48  Stalker x4  
  59  7:39  Probe  
  59  7:40  Probe x2  
  62  7:44  Stalker x4  
  62  7:48  Gateway  
  62  7:49  Gateway  
  70  7:51  Probe, Gateway  
  70  7:52  Probe x2  
  70  7:55  Pylon  
  70  7:57  Gateway  
  70  7:58  Pylon  
  73  7:59  Gateway, Warp Prism (Chrono Boost)  
  73  8:00  Gateway, Pylon  
  73  8:03  Probe  
  74  8:11  Protoss Ground Armor Level 1  
  74  8:22  Forge  
  74  8:39  Gateway  
  74  8:42  Gateway  
  74  8:43  Gateway  
  74  8:46  Gateway  
  74  8:47  Gateway  
  74  8:49  Nexus  
  74  8:52  Assimilator  
  74  8:53  Probe, Templar Archives, Assimilator  
  74  8:54  Probe x2  
  77  8:56  Pylon  
  77  8:57  Pylon  
  77  8:59  Zealot  
  77  9:00  Zealot x3  
  85  9:05  Probe  
  85  9:06  Probe x2, Protoss Ground Weapons Level 2  
  85  9:09  Immortal  
  92  9:22  Blink  
  92  9:48  Immortal  
  92  9:49  Stalker x6  
  92  9:50  Stalker x4  
  106  10:07  Probe  
  106  10:08  Probe x2  
  109  10:19  High Templar x5  
  119  10:21  High Templar x2  
  119  10:22  Psionic Storm  
  119  10:27  Warp Prism  
  125  10:32  Stargate  
  125  10:33  Stargate  
  125  10:39  Archon  
  125  10:40  Archon  
  125  10:56  Stargate  
  125  11:08  Protoss Shields Level 1  
  125  11:17  Fleet Beacon  
  125  11:19  Pylon  
  125  11:28  Protoss Air Weapons Level 1 (Chrono Boost)  
  125  11:55  Nexus  
  125  11:57  Tempest (Chrono Boost), Assimilator  
  125  11:58  Tempest x2 (Chrono Boost)  
  140  12:01  Assimilator  
  140  12:04  Pylon  
  140  12:07  Pylon  
  140  12:08  Protoss Ground Weapons Level 3 (Chrono Boost)  
  140  12:09  Pylon  
  106  12:43  Stalker x7  
  106  12:44  Stalker x3  
  110  12:45  High Templar x3  
  110  12:46  High Templar x2  
  124  12:52  Tempest (Chrono Boost)  
  124  12:57  Tempest x2 (Chrono Boost)  
  139  13:25  Protoss Ground Armor Level 2 (Chrono Boost)  
  139  13:28  Tempest  
  139  13:32  Tempest  
  149  13:35  Tempest  
  149  13:39  Protoss Air Weapons Level 2 (Chrono Boost)  
  138  14:00  Stalker  
  138  14:01  Stalker x7  
  138  14:02  Stalker  
  152  14:11  Tempest  
  141  14:45  Tempest x2  
  151  14:53  Tempest  
  151  14:54  Cybernetics Core  
  151  14:58  Probe x2  
  153  15:22  Stalker x4  
  153  15:23  Stalker x6  
  153  15:24  Stalker x3  
  179  15:28  Tempest x2  
  179  15:31  Protoss Shields Level 2 (Chrono Boost)  
  189  15:49  Tempest  
  194  15:51  Protoss Air Armor Level 1 (Chrono Boost)  
  194  15:57  Protoss Air Weapons Level 3 (Chrono Boost)  
  194  16:43  Pylon  
  194  16:45  Pylon  
  192  17:09  Pylon  
  192  17:11  Pylon  
  192  17:13  Pylon  
  131  17:37  Stalker  
  131  17:38  Stalker x7  
  131  17:39  Stalker x5  
  131  17:43  Shield Battery  
  141  17:46  Shield Battery  
  141  17:48  Shield Battery  
  111  17:55  Tempest x3  
  119  18:16  Gateway x2  
  119  18:17  Pylon  
  117  18:20  Pylon  
  117  18:23  Shield Battery  
  117  18:26  Shield Battery  
  117  18:28  Shield Battery  
  117  18:32  Protoss Shields Level 3 (Chrono Boost)  
  117  18:33  Protoss Ground Armor Level 3 (Chrono Boost)  
  117  18:35  Tempest x2 (Chrono Boost)  
  117  18:40  Tempest (Chrono Boost)  
  127  18:41  Stargate  
  127  18:45  Stargate  
  127  18:59  Stalker x6  
  127  19:00  Stalker x5  
  127  19:01  Stalker x2  
  148  19:11  Carrier x2  
  148  19:16  Carrier  
  166  19:26  Carrier  
  166  19:30  Carrier  
  178  19:39  Shield Battery  
  178  19:41  Shield Battery  
  178  19:52  High Templar  
  178  19:53  High Templar x3  
  178  19:54  High Templar x2  
  189  20:15  Carrier  
  163  20:35  Archon  
  163  20:36  Archon x2  
  149  21:02  Stalker x7  
  149  21:03  Stalker  
  169  21:39  Stalker x5  
  173  21:40  Stalker x3  
Tags
 
Add a new tag
Caveats
  • Supply blocks, unpowered buildings, or Contaminate may cause inaccurate times.
  • Supply counts are checked every 10 seconds.